 Dungeon Crawl Stone Soup version 0.19.1-1-g22dce08 (webtiles) character file.

2580 Jynx the Spear-Bearer (level 9, -2/72 HPs)
             Began as a Merfolk Fighter on Jan 15, 2017.
             Slain by a killer bee (3 damage)
             ... on level 6 of the Dungeon.
             The game lasted 00:11:52 (5350 turns).

Jynx the Spear-Bearer (Merfolk Fighter)             Turns: 5350, Time: 00:11:54

Health: -2/72      AC: 13    Str: 27    XL:     9   Next: 58%
Magic:  11/11      EV: 11    Int:  8    God:
Gold:   432        SH:  0    Dex: 13    Spells: 0 memorised, 11 levels left

rFire  . . .     SeeInvis .     x - +0 glaive
rCold  . . .     Gourm    .     t - +0 plate armour
rNeg   . . .     Faith    .     (shield currently unavailable)
rPois  .         Spirit   .     q - +0 helmet
rElec  .         Reflect  .     (no cloak)
rCorr  .         Harm     .     (no gloves)
MR     .....                    (no boots)
Stlth  ..........               (no amulet)
                                w - +3 ring of strength
                                e - +4 ring of evasion

@: mighty, lethally poisoned (-2 -> -21)
A: change form in water, swift swim, stealthy swim
a: no special abilities


You were on level 6 of the Dungeon.
You were not hungry.

You visited 1 branch of the dungeon, and saw 6 of its levels.

You collected 432 gold pieces.

Inventory:

Hand Weapons
 a - a +1 trident
 u - a +0 halberd
 x - a +0 glaive (weapon)
Armour
 b - a +1 scale mail
 c - a +0 shield
 q - a +0 helmet (worn)
 t - a +0 plate armour (worn)
Jewellery
 e - a +4 ring of evasion (left hand)
 w - a +3 ring of strength (right hand)
Wands
 r - a wand of random effects (43/48)
Scrolls
 g - 2 scrolls of identify
 k - a scroll of enchant armour
 l - 2 scrolls of teleportation
 o - 7 scrolls of remove curse
 v - a scroll of magic mapping
Potions
 d - a potion of might
 i - 2 potions of brilliance {unknown}
 n - a potion of lignification
 p - a potion of invisibility {unknown}
 z - a potion of ambrosia {unknown}
Books
 y - a book of Air

   Spells                             Type                      Level
   a - Shock                          Conjuration/Air              1
   b - Swiftness                      Charms/Air                   2
   c - Repel Missiles                 Charms/Air                   2
   d - Static Discharge               Conjuration/Air              3
   e - Lightning Bolt                 Conjuration/Air              5
 A - a book of Clouds

   Spells                             Type                      Level
   a - Mephitic Cloud                 Conjuration/Poison/Air       3
   b - Conjure Flame                  Conjuration/Fire             3
   c - Poisonous Cloud                Conjuration/Poison/Air       6
   d - Freezing Cloud                 Conjuration/Ice/Air          6
   e - Ring of Flames                 Charms/Fire                  7
Comestibles
 f - 7 bread rations
 m - a meat ration
 s - 4 chunks of flesh


   Skills:
 + Level 7.4 Fighting
 * Level 12.7 Polearms
 + Level 5.1 Armour
 - Level 3.0 Shields
 + Level 1.8 Spellcasting


You had 11 spell levels left.
You didn't know any spells.

Dungeon Overview and Level Annotations

Branches:
Dungeon (6/15)
 Temple: D:4-7

Altars:

Shops:
D:6 (


Message History

The killer bee stings you but does no damage.
The killer bee stings you.
* * * LOW HITPOINT WARNING * * *
You closely miss the killer bee.
* * * LOW HITPOINT WARNING * * *
You feel sick. The killer bee stings you.
* * * LOW HITPOINT WARNING * * *
You are more poisoned.
The killer bee poisons you!
The killer bee stings you but does no damage.
The killer bee closely misses you. The killer bee barely misses you.
The killer bee closely misses you.
You feel very mighty all of a sudden.
* * * LOW HITPOINT WARNING * * *
You feel sick.
The killer bee stings you but does no damage.
The killer bee stings you.
* * * LOW HITPOINT WARNING * * *
The killer bee stings you.
You die...

#....##....##...#######'###.
#.................♣......###
+...............♣.∩.♣....##.
#................#♣......#.[
#...#########...##.......#.< #.
#...###....##...##....o..##) #...
#....#......#...##.......##.
#[...#....#.....y#..........>.##.
#....#....#.....@y...............
#...##...##.....##...............
#...##...##..... #...##.......##.
#....#.......... ....##[......###
#....'.......... #...##.......##.
#....#....!..... ##+###..........
#...####+####... #..........
#...##...#########....+..........
#...#.......#....#...##.......##.


You could see 2 killer bees.

Vanquished Creatures
  The ghost of baghtru the Chopper, a novice HOFi (D:5)
  A two-headed ogre (D:3)
  The ghost of cba the Sneak, an amateur OpAs (D:4)
  Edmund (D:5)
  2 ice beasts
  An orc warrior (D:6)
  A sky beast (D:5)
  An ogre (D:5)
  A bullfrog (D:6)
  2 killer bees (D:6)
  A scorpion (D:6)
  2 howler monkeys (D:5)
  3 crimson imps (D:5)
  A hound (D:6)
  A jelly (D:5)
  3 orc priests
  5 orc wizards
  Jessica (D:2)
  2 centaur skeletons
  5 worker ants
  A worker ant zombie (D:3)
  A howler monkey skeleton (D:4)
  6 adders
  3 gnolls (D:4)
  A shadow imp (D:6)
  4 oozes
  An adder zombie (D:5)
  4 worms
  2 dart slugs
  8 leopard geckos
  23 orcs
  4 bats
  8 giant cockroaches
  8 goblins
  6 hobgoblins
  9 jackals
  8 kobolds
  3 quokkas
  2 ball pythons
  7 frilled lizards
  A quokka skeleton (D:6)
  4 rats
150 creatures vanquished.

Notes
Turn   | Place    | Note
-------+----------+-------------------------------------------
     0 | D:1      | Jynx the Merfolk Fighter began the quest for the Orb.
     0 | D:1      | Reached XP level 1. HP: 18/18 MP: 1/1
    69 | D:1      | Reached XP level 2. HP: 24/24 MP: 2/2
   328 | D:1      | Reached XP level 3. HP: 29/29 MP: 3/3
   339 | D:1      | Reached skill level 4 in Polearms
   652 | D:2      | Noticed Jessica
   657 | D:2      | Killed Jessica
   657 | D:2      | Reached XP level 4. HP: 35/37 MP: 4/4
   863 | D:2      | Reached skill level 5 in Polearms
  1196 | D:2      | Reached XP level 5. HP: 41/42 MP: 5/5
  1475 | D:3      | Reached skill level 6 in Polearms
  1520 | D:3      | Reached XP level 6. HP: 49/49 MP: 6/6
  2047 | D:3      | Noticed a two-headed ogre
  2054 | D:3      | Killed a two-headed ogre
  2054 | D:3      | Reached skill level 5 in Fighting
  2054 | D:3      | Reached skill level 7 in Polearms
  2054 | D:3      | Reached XP level 7. HP: 34/56 MP: 7/7
  2838 | D:4      | Reached skill level 8 in Polearms
  3264 | D:4      | Noticed cba's ghost (amateur OpAs)
  3271 | D:4      | Killed cba's ghost
  3271 | D:4      | Reached skill level 9 in Polearms
  3316 | D:5      | Entered Level 5 of the Dungeon
  3329 | D:5      | Reached XP level 8. HP: 58/64 MP: 8/8
  3515 | D:5      | Noticed baghtru's ghost (novice HOFi)
  3558 | D:5      | Killed baghtru's ghost
  3558 | D:5      | Reached skill level 11 in Polearms
  3757 | D:5      | Noticed Edmund
  3768 | D:5      | Killed Edmund
  3768 | D:5      | Reached XP level 9. HP: 47/71 MP: 9/9
  4460 | D:6      | Found Joazumah's Weapon Shoppe.
  4477 | D:6      | Reached skill level 12 in Polearms
  4837 | D:6      | Reached skill level 5 in Armour
  4837 | D:6      | Reached skill level 1 in Spellcasting
  5350 | D:6      | HP: 1/72 [killer bee (3)]
  5350 | D:6      | Slain by a killer bee

Skill      XL: |  1  2  3  4  5  6  7  8  9 |
---------------+----------------------------+-----
Polearms       | 4 5 6 7 9 11 12 | 12.7
Fighting       | 4 5 6 7 |  7.4
Armour         | 3 4 5 |  5.1
Spellcasting   | 1 |  1.8
Shields        | |  3.0

Action                   |  1- 3 |  4- 6 |  7- 9 || total
-------------------------+-------+-------+-------++-------
Melee: Trident           |    94 |   150 |    48 ||   292
       Halberd           |       |       |   260 ||   260
       Glaive            |       |       |    75 ||    75
  Use: Scroll            |     8 |       |     4 ||    12
       Potion            |       |       |     5 ||     5
 Stab: Distracted        |       |       |     1 ||     1
  Eat: Chunk             |       |     3 |    12 ||    15
Armor: Scale mail        |    39 |    34 |     7 ||    80
       Plate armour      |       |       |   175 ||   175
Dodge: Dodged            |    57 |    84 |   226 ||   367
